[Event "Titled Tuesday Blitz March 22 Late 2022"]
[White "Vifleemskaia, Svetlana"]
[Black "Vusatiuk, Vladimir"]
[WhiteFideId "4129490"]
[BlackFideId "14118610"]
[WhiteElo "1901"]
[BlackElo "2157"]
[Result "0-1"]
[Round "09"]
[TimeControl "180+1"]
[Date "2022.03.22"]
[WhiteClock "0:00:01"]
[BlackClock "0:00:05"]

1. d4 Nf6 2. c4 e6 3. Nc3 Bb4 4. e3 O-O 5. Ne2 Re8 6. a3 Bf8 7. d5 b6 8. g3 a5 9. Bg2 Bb7 10. O-O exd5 11. cxd5 Na6 12. e4 Nc5 13. f3 a4 14. Be3 Nb3 15. Rb1 Bc5 16. Bxc5 Nxc5 17. Nd4 Ba6 18. Re1 Qc8 19. Bf1 Bxf1 20. Rxf1 c6 21. Nf5 Qa6 22. Qd4 Qd3 23. Rbd1 Qxd4+ 24. Rxd4 b5 25. d6 g6 26. Ne7+ Kf8 27. e5 Nh5 28. f4 Ng7 29. g4 Nge6 30. Rdd1 Rxe7 31. dxe7+ Kxe7 32. f5 Ng5 33. f6+ Ke8 34. Kf2 Rb8 35. Rd4 Nge6 36. Rdd1 b4 37. axb4 Rxb4 38. Rd2 Rxg4 39. h3 Rh4 40. Kg3 Rb4 41. Rff2 Ng5 42. Kh2 Nge4 43. Nxe4 Nxe4 44. Rf4 g5 45. Rg4 h5 0-1


[Site "https://www.chess.com"]

[Event "Titled Tuesday Blitz March 22 Late 2022"]
[White "Villegas, Pierre"]
[Black "Kokoszczynski, Jan"]
[WhiteFideId "654183"]
[BlackFideId "1174460"]
[WhiteElo "2395"]
[BlackElo "2163"]
[Result "1-0"]
[Round "09"]
[TimeControl "180+1"]
[Date "2022.03.22"]
[WhiteClock "0:00:05"]
[BlackClock "0:00:14"]

1. c4 e5 2. Nc3 Bb4 3. e4 Bxc3 4. dxc3 d6 5. Be2 Nc6 6. Be3 Be6 7. Nf3 h6 8. O-O Nge7 9. c5 d5 10. exd5 Nxd5 11. Qc1 O-O 12. Rd1 Qf6 13. b4 Rad8 14. a3 Nce7 15. c4 Nxe3 16. Qxe3 Ng6 17. g3 Bf5 18. Rxd8 Rxd8 19. Rd1 Rxd1+ 20. Bxd1 h5 21. Ng5 Bg4 22. Bc2 Ne7 23. Qd3 g6 24. Ne4 Qe6 25. Qd8+ Kg7 26. Qxc7 Bf3 27. Ng5 Qf6 28. Nxf3 Nc6 29. Kg2 g5 30. Nd2 Nd4 31. Be4 Qa6 32. Qd6 f6 33. Qxa6 bxa6 34. c6 Kf7 35. c7 f5 36. c8=Q fxe4 37. Qb7+ Kf6 38. Qxa6+ Kf5 39. Qxa7 h4 40. Qf7+ Kg4 41. h3# 1-0


[Site "https://www.chess.com"]

[Event "Titled Tuesday Blitz March 22 Late 2022"]
[White "Vine, Elzbieta"]
[Black "Mangialardo, Tiago Carvalho"]
[WhiteFideId "1119320"]
[BlackFideId "2130718"]
[WhiteElo "1827"]
[BlackElo "2083"]
[Result "1-0"]
[Round "09"]
[TimeControl "180+1"]
[Date "2022.03.22"]
[WhiteClock "0:01:36"]
[BlackClock "0:00:01"]

1. e4 e5 2. Nf3 Nc6 3. Bb5 a6 4. Ba4 Nf6 5. O-O Be7 6. Nc3 d6 7. d4 exd4 8. Nxd4 Bd7 9. Nf5 O-O 10. Nxe7+ Qxe7 11. Bg5 Qe5 12. f4 Qc5+ 13. Kh1 Ne8 14. Nd5 b5 15. Bb3 Be6 16. f5 Bd7 17. Be3 Nd4 18. Bxd4 Qc6 19. Ne7+ 1-0


[Site "https://www.chess.com"]

[Event "Titled Tuesday Blitz March 22 Late 2022"]
[White "Wieczorek, Oskar"]
[Black "Vovk, Orest"]
[WhiteFideId "1133950"]
[BlackFideId "14113490"]
[WhiteElo "2319"]
[BlackElo "2203"]
[Result "1-0"]
[Round "09"]
[TimeControl "180+1"]
[Date "2022.03.22"]
[WhiteClock "0:00:08"]
[BlackClock "0:00:06"]

1. e4 Nf6 2. Bd3 d5 3. e5 Ne4 4. Nf3 Nc6 5. Be2 Bf5 6. d3 Nc5 7. c3 d4 8. O-O e6 9. Bg5 Be7 10. Bxe7 Kxe7 11. b4 Nd7 12. b5 Na5 13. Qa4 b6 14. cxd4 Kf8 15. Nc3 Kg8 16. Rac1 h6 17. Ne4 Kh7 18. Qb4 a6 19. a4 axb5 20. axb5 Re8 21. Rc2 Rc8 22. Rfc1 Nf8 23. h3 Ng6 24. g3 Ne7 25. h4 Nd5 26. Qa3 Qd7 27. Kg2 Qxb5 28. Rb2 Qd7 29. Bd1 Kg8 30. Ba4 Qe7 31. Qxe7 Rxe7 32. Nd6 Rd8 33. Nxf5 exf5 34. Bc6 Nxc6 35. Rxc6 Red7 36. Rb5 Ne7 37. Rc1 Nd5 38. Rc6 Ra8 39. Rb2 Ra3 40. Rd2 Nb4 41. Rc4 Nxd3 42. d5 Rxd5 43. Rxc7 Ne1+ 44. Kf1 Rxd2 45. Nxd2 Nd3 46. Rc8+ Kh7 47. f4 Nc5 48. Nc4 Rxg3 49. Nd6 Ne6 50. Kf2 Rg4 51. Nxf7 Rxf4+ 52. Ke3 Rxh4 53. Re8 Ng5 54. Nd6 b5 55. e6 f4+ 56. Kd2 Nxe6 57. Rxe6 b4 58. Ne4 g5 59. Rb6 Rh2+ 60. Kd3 f3 61. Rxb4 g4 62. Ke3 Kg6 63. Rb6+ Kf7 64. Rf6+ Ke7 65. Rf4 h5 66. Ng3 Rg2 67. Nxh5 Re2+ 68. Kd3 Re6 69. Rxg4 f2 70. Ng3 Rf6 71. Nf1 Rf3+ 72. Ke2 Rf6 73. Ra4 Re6+ 74. Kxf2 Rf6+ 75. Ke2 Re6+ 76. Ne3 Kd6 77. Kd3 Kc7 78. Ra7+ Kb6 79. Rh7 Rd6+ 80. Kc4 Rc6+ 81. Kb4 Rd6 82. Nc4+ 1-0


[Site "https://www.chess.com"]

[Event "Titled Tuesday Blitz March 22 Late 2022"]
[White "Yoo, Christopher Woojin"]
[Black "Indjic, Aleksandar"]
[WhiteFideId "30909694"]
[BlackFideId "911925"]
[WhiteElo "2105"]
[BlackElo "2616"]
[Result "0-1"]
[Round "09"]
[TimeControl "180+1"]
[Date "2022.03.22"]
[WhiteClock "0:00:02"]
[BlackClock "0:00:11"]

1. d4 Nf6 2. Nf3 e6 3. Bf4 c5 4. e3 cxd4 5. exd4 b6 6. Nbd2 Ba6 7. Bxa6 Nxa6 8. O-O Be7 9. Qe2 Nc7 10. c4 d6 11. Ne4 O-O 12. Nxf6+ Bxf6 13. Rac1 Qd7 14. Rfd1 Be7 15. h4 h6 16. h5 Rac8 17. Nd2 Rfd8 18. Qg4 Kf8 19. Nf1 Ne8 20. Qf3 Nf6 21. Ne3 d5 22. b3 Ne4 23. Rc2 b5 24. c5 b4 25. Ng4 f6 26. Re1 a5 27. Rce2 Rc6 28. Bxh6 gxh6 29. Ne5 Qe8 30. Nxc6 Qxc6 31. Qf4 Ng5 32. Qg3 Qe8 33. c6 Rc8 34. c7 Qxh5 35. Rc2 Ne4 36. Qd3 Qe8 37. f3 Ng5 38. Qa6 Qd7 39. Rec1 Kf7 40. Rc6 h5 41. Rb6 Rxc7 42. Rbc6 Rxc6 43. Rxc6 e5 44. Qb6 e4 45. Rc7 Qe6 46. Qb7 exf3 47. gxf3 Qe3+ 48. Kf1 Qxf3+ 49. Ke1 Qe3+ 50. Kd1 Qxd4+ 51. Kc2 Qe4+ 52. Kb2 h4 53. Qc8 h3 54. Rc2 h2 0-1


[Site "https://www.chess.com"]

[Event "Titled Tuesday Blitz March 22 Late 2022"]
[White "Zanette, Edgard Vinicius"]
[Black "Antonio, Jorge Carlos"]
[WhiteFideId "2109263"]
[BlackFideId "113190"]
[WhiteElo "2182"]
[BlackElo "2247"]
[Result "0-1"]
[Round "09"]
[TimeControl "180+1"]
[Date "2022.03.22"]
[WhiteClock "0:00:14"]
[BlackClock "0:00:51"]

1. e4 e5 2. Nf3 f5 3. Nc3 d6 4. exf5 Bxf5 5. d4 e4 6. Nd2 d5 7. Nb3 c6 8. Be2 Bd6 9. Be3 Nf6 10. h3 O-O 11. Qd2 b5 12. Nc5 Nbd7 13. Nb7 Qc7 14. Nxd6 Qxd6 15. O-O-O a5 16. g4 Be6 17. Bf4 Qe7 18. g5 Ne8 19. Rdg1 Nd6 20. Bxd6 Qxd6 21. Nd1 Qf4 22. Bg4 Qxd2+ 23. Kxd2 Bxg4 24. Rxg4 c5 25. dxc5 Rac8 26. c3 Ne5 27. Rg2 Rxc5 28. Ne3 Nf3+ 29. Ke2 d4 30. cxd4 Nxd4+ 31. Kd2 Ne6 32. Rb1 Rd8+ 33. Ke1 Nxg5 34. h4 Nf3+ 0-1


[Site "https://www.chess.com"]

[Event "Titled Tuesday Blitz March 22 Late 2022"]
[White "Zherebtsova, Alexandra"]
[Black "Donchenko, Anatoly"]
[WhiteFideId "24129518"]
[BlackFideId "4106091"]
[WhiteElo "2025"]
[BlackElo "2339"]
[Result "1/2-1/2"]
[Round "09"]
[TimeControl "180+1"]
[Date "2022.03.22"]
[WhiteClock "0:00:04"]
[BlackClock "0:00:13"]

1. d4 d5 2. Nf3 Nf6 3. c4 dxc4 4. e3 e6 5. Bxc4 c5 6. O-O a6 7. dxc5 Bxc5 8. Qxd8+ Kxd8 9. Rd1+ Ke7 10. Be2 b6 11. Ne1 Bb7 12. Nd3 Bd6 13. Nd2 Nbd7 14. Nc4 Bc7 15. b3 Rhc8 16. Ba3+ Ke8 17. f3 Nd5 18. Kf2 b5 19. Nd6+ Bxd6 20. Bxd6 Rc2 21. Rdc1 Rac8 22. Rxc2 Rxc2 23. Nb4 Nxb4 24. Bxb4 Ne5 25. Kf1 f6 26. a4 bxa4 27. bxa4 Nc6 28. Be1 a5 29. Rb1 Bc8 30. Rb6 Bd7 31. Bb5 Ne5 32. Rb8+ Ke7 33. Bxa5 Bxb5+ 34. axb5 Nd3 35. g3 Rxh2 36. b6 Rb2 37. b7 Nc5 38. Bc3 Rxb7 39. Rxb7+ Nxb7 40. Kf2 e5 41. Ba1 Ke6 42. e4 Nc5 43. Ke3 g6 44. Bb2 Nb3 45. Bc3 h5 46. Bb2 Na5 47. Bc3 Nc4+ 48. Kd3 Nd6 49. Ke3 g5 50. Bb4 Nc4+ 51. Kd3 Nb6 52. Be1 Nd7 53. Bf2 Nb8 54. Kc4 Nc6 55. Kd3 Nb4+ 56. Kc4 Na6 57. Kd3 Nb8 58. Kc4 Nd7 59. Kd3 Nf8 60. Kc4 Ng6 61. Kd3 h4 62. gxh4 gxh4 63. Ke3 h3 64. Bg3 Nf4 65. Kf2 Nd3+ 66. Kg1 f5 67. exf5+ Kxf5 68. Kh2 Nf4 69. Bf2 Kg5 70. Bg3 Kf5 71. Bf2 Kg6 72. Bg3 Kh5 73. Bf2 Kg5 74. Bg3 Kf5 1/2-1/2


[Site "https://www.chess.com"]

[Event "Titled Tuesday Blitz March 22 Late 2022"]
[White "Zhigalko, Sergei"]
[Black "Sanal, Vahap"]
[WhiteFideId "13502956"]
[BlackFideId "6300545"]
[WhiteElo "2662"]
[BlackElo "2603"]
[Result "0-1"]
[Round "09"]
[TimeControl "180+1"]
[Date "2022.03.22"]
[WhiteClock "0:00:02"]
[BlackClock "0:00:53"]

1. e4 d6 2. d4 Nf6 3. Nc3 e5 4. Nf3 Nbd7 5. Bc4 Be7 6. O-O O-O 7. a4 c6 8. Re1 h6 9. h3 Re8 10. Be3 exd4 11. Bxd4 Nf8 12. Qd3 Be6 13. Rad1 Qc7 14. Bb3 Rad8 15. Nd2 Bxb3 16. Nxb3 Ng6 17. Qg3 b6 18. Nd2 a6 19. Nc4 Rb8 20. Ne3 Nh5 21. Qg4 Nf6 22. Qg3 Nh5 23. Qf3 Nhf4 24. Nf5 Ne6 25. Ne2 Bf8 26. Neg3 Nxd4 27. Rxd4 d5 28. Nh5 Qe5 29. Re3 Nh4 30. Nxh4 Qxd4 31. Nf5 Qe5 32. Qg4 g6 33. f4 Qxb2 34. e5 Kh8 35. Nf6 Bg7 36. Nxg7 Kxg7 37. Nxe8+ Rxe8 38. Kh2 Qxc2 39. Qd7 Re6 40. Rg3 Qf5 41. Rf3 b5 42. a5 h5 43. Qb7 c5 44. Qxd5 c4 45. Qc5 h4 46. Qf2 Rc6 47. Qxh4 c3 0-1


[Site "https://www.chess.com"]

[Event "Titled Tuesday Blitz March 22 Late 2022"]
[White "Adewumi, Tanitoluwa"]
[Black "Oro, Luis"]
[WhiteFideId "30966396"]
[BlackFideId "104094"]
[WhiteElo "2534"]
[BlackElo "2339"]
[Result "1-0"]
[Round "10"]
[TimeControl "180+1"]
[Date "2022.03.22"]
[WhiteClock "0:00:04"]
[BlackClock "0:00:04"]

1. e4 e5 2. Bc4 Bc5 3. Nc3 Nc6 4. d3 Nf6 5. f4 d6 6. f5 h6 7. a3 a6 8. Nf3 O-O 9. h3 Nh5 10. Ne2 Re8 11. g4 Nf4 12. Bxf4 exf4 13. Nxf4 Be3 14. Nd5 Ba7 15. Qd2 Ne5 16. Nxe5 Qh4+ 17. Kd1 Rxe5 18. Nxc7 Rb8 19. Qe1 Qg5 20. c3 Qf4 21. Kc2 b5 22. Ba2 Bb7 23. Nd5 Qf3 24. Rf1 Qg2+ 25. Qd2 Qxh3 26. Rh1 Qg3 27. Nf6+ Kf8 28. Nd7+ Ke7 29. Nxb8 Bxb8 30. Rag1 Qf3 31. g5 h5 32. g6 f6 33. Rf1 Qg3 34. Rhg1 Qh3 35. Qg2 Qe3 36. Qf2 Qh6 37. Qf4 Qh8 38. Re1 Rc5 39. d4 Rc8 40. e5 dxe5 41. dxe5 Kf8 42. Qb4+ Ke8 43. exf6+ Kd7 44. Re7+ Kc6 45. Rge1 Bd6 46. R1e6 Rd8 47. Rxd6+ Rxd6 48. Qe4+ 1-0


[Site "https://www.chess.com"]

[Event "Titled Tuesday Blitz March 22 Late 2022"]
[White "Almagro Mazariegos, Sebastian"]
[Black "Debray, Christopher"]
[WhiteFideId "2221640"]
[BlackFideId "630810"]
[WhiteElo "2273"]
[BlackElo "2393"]
[Result "1/2-1/2"]
[Round "10"]
[TimeControl "180+1"]
[Date "2022.03.22"]
[WhiteClock "0:02:47"]
[BlackClock "0:02:37"]

1. e4 e5 2. Nf3 Nf6 3. Nxe5 d6 4. Nf3 Nxe4 5. Qe2 Qe7 6. d3 Nf6 7. Qxe7+ Bxe7 8. Nc3 O-O 9. Be2 Nc6 10. a3 Be6 11. h3 h6 12. Be3 Rfe8 1/2-1/2


[Site "https://www.chess.com"]

[Event "Titled Tuesday Blitz March 22 Late 2022"]
[White "Al-Tarboush, Ward"]
[Black "Golubka, Petro"]
[WhiteFideId "7601450"]
[BlackFideId "14114224"]
[WhiteElo "2276"]
[BlackElo "2346"]
[Result "1-0"]
[Round "10"]
[TimeControl "180+1"]
[Date "2022.03.22"]
[WhiteClock "0:00:57"]
[BlackClock "0:01:47"]

1. e4 g6 2. d4 Bg7 3. Nf3 c6 4. Bd3 d6 5. O-O Bg4 6. c3 Bxf3 7. Qxf3 Nd7 8. Nd2 Ngf6 9. Re1 O-O 10. Nf1 e5 11. Be3 a5 12. a4 Re8 13. Ng3 Qc7 14. h4 h5 15. Bg5 exd4 16. cxd4 Qb6 17. Bc4 Qxd4 18. Rac1 Ne5 19. Qe2 Nfg4 20. Ba2 Nd3 21. Be3 Nxe3 22. fxe3 Qxb2 23. Rc2 Qb4 24. Rb1 Nb2 25. Rbxb2 Bxb2 26. Rxb2 Qxa4 27. Nxh5 gxh5 28. Qxh5 Re5 29. Qxf7+ Kh8 30. Qf6+ Kh7 31. Qf7+ Kh6 32. Rf2 Qd1+ 33. Kh2 1-0


[Site "https://www.chess.com"]

[Event "Titled Tuesday Blitz March 22 Late 2022"]
[White "Antonio, Jorge Carlos"]
[Black "Celestino, Rafael Teixeira"]
[WhiteFideId "113190"]
[BlackFideId "2108925"]
[WhiteElo "2247"]
[BlackElo "2317"]
[Result "0-1"]
[Round "10"]
[TimeControl "180+1"]
[Date "2022.03.22"]
[WhiteClock "0:02:34"]
[BlackClock "0:01:43"]

1. d4 Nf6 2. Nf3 e6 3. Bf4 d5 4. e3 c5 5. c3 Nc6 6. Bd3 Ne4 7. Nbd2 f5 8. Ne5 Bd6 9. Nxc6 bxc6 10. Bxd6 Qxd6 11. O-O O-O 12. f3 Nxd2 13. Qxd2 Rb8 14. f4 Bd7 15. Rf2 Be8 16. Bf1 Bh5 17. b3 Rb7 18. Be2 Bxe2 19. Qxe2 Rfb8 20. Qc2 a5 21. dxc5 Qxc5 22. Rc1 Qxe3 23. Qe2 Qxc1+ 0-1


[Site "https://www.chess.com"]

[Event "Titled Tuesday Blitz March 22 Late 2022"]
[White "Ardila, Oscar Humberto"]
[Black "Vine, Elzbieta"]
[WhiteFideId "4404742"]
[BlackFideId "1119320"]
[WhiteElo "1966"]
[BlackElo "1844"]
[Result "1-0"]
[Round "10"]
[TimeControl "180+1"]
[Date "2022.03.22"]
[WhiteClock "0:00:35"]
[BlackClock "0:00:01"]

1. d4 d5 2. c4 c6 3. Nf3 Nf6 4. Nc3 Bg4 5. e3 e6 6. Bd2 Bd6 7. c5 Bc7 8. Be2 Nbd7 9. O-O Qe7 10. b4 O-O 11. b5 e5 12. bxc6 bxc6 13. Qa4 e4 14. Ne1 Bxe2 15. Nxe2 Qe6 16. Nf4 Bxf4 17. exf4 Ng4 18. h3 Nh6 19. Be3 Nf6 20. Rb1 Nf5 21. Nc2 Nh4 22. Rb7 h5 23. Nb4 Nf3+ 24. Kh1 Ng4 25. Qxc6 Qf5 26. Qxd5 Nxe3 27. fxe3 Qc8 28. c6 a5 29. Nc2 Ra6 30. Qxh5 Rxc6 31. Rb2 Rxc2 32. Rxc2 Qxc2 33. gxf3 exf3 34. Qxf3 Qxa2 35. e4 a4 36. d5 a3 37. Qd1 Qc4 38. e5 Qe4+ 39. Kh2 1-0


[Site "https://www.chess.com"]

[Event "Titled Tuesday Blitz March 22 Late 2022"]
[White "Artemiev, Vladislav"]
[Black "Maghsoodloo, Parham"]
[WhiteFideId "24101605"]
[BlackFideId "12539929"]
[WhiteElo "2811"]
[BlackElo "2630"]
[Result "1-0"]
[Round "10"]
[TimeControl "180+1"]
[Date "2022.03.22"]
[WhiteClock "0:00:10"]
[BlackClock "0:00:23"]

1. Nf3 Nf6 2. g3 b5 3. Bg2 Bb7 4. O-O e6 5. b3 Be7 6. c4 a6 7. Nc3 b4 8. Na4 O-O 9. Bb2 d6 10. d4 Nbd7 11. Nd2 Bxg2 12. Kxg2 c5 13. e3 cxd4 14. Bxd4 Qc7 15. Qe2 Rfc8 16. e4 Nc5 17. Nxc5 dxc5 18. Bb2 a5 19. a4 bxa3 20. Rxa3 Nd7 21. Rfa1 Nb8 22. e5 Nc6 23. Nf3 Rcb8 24. Qe4 Ra7 25. Bc3 h6 26. h4 Qc8 27. R1a2 Bd8 28. Rd2 Be7 29. Rda2 Ra6 30. Ra1 Bd8 31. Rd1 Be7 32. Rda1 Qb7 33. Rb1 Rb6 34. Nd2 Bd8 35. Rba1 Qd7 36. Qf3 R6b7 37. Ne4 Be7 38. Rd1 Nd4 39. Bxd4 cxd4 40. c5 Qd5 41. Nd6 Qxf3+ 42. Kxf3 Rxb3+ 43. Rxb3 Rxb3+ 44. Ke4 a4 45. Kxd4 a3 46. Kc4 Rf3 47. Ra1 f6 48. c6 Bd8 49. Nb5 fxe5 50. c7 Bxc7 51. Nxc7 Kf8 52. Nxe6+ Kf7 53. Nc5 Rxf2 54. Rxa3 Kg6 55. Kd5 Kf5 56. Re3 Rd2+ 57. Kc4 h5 58. Nd3 e4 59. Nc5 Kg4 60. Nxe4 Rg2 61. Kd4 Kf5 62. Kd3 Ra2 63. Rf3+ Ke5 64. Re3 Ra3+ 65. Ke2 Ra2+ 66. Kf3 Kf5 67. Ng5 g6 68. Ne4 Ra6 69. Rd3 Ke5 70. Ng5 Rf6+ 71. Kg2 Ra6 72. Re3+ Kf5 73. Rf3+ Ke5 74. Rf2 Ra3 75. Nf7+ Ke4 76. Ng5+ Ke5 77. Nh3 Ra4 78. Nf4 Ra6 79. Kh3 Rc6 80. Rb2 Kf6 81. Rb6 Rxb6 82. Nd5+ Kf5 83. Nxb6 g5 84. hxg5 Kxg5 85. Nd5 Kf5 86. Kh4 Ke5 87. Nf4 Kf5 88. Nxh5 Kg6 89. g4 Kh6 90. g5+ Kg6 91. Kg4 Kh7 92. Kf5 1-0


[Site "https://www.chess.com"]

[Event "Titled Tuesday Blitz March 22 Late 2022"]
[White "Atanejhad, Sahebali"]
[Black "Horak, Martin"]
[WhiteFideId "12506664"]
[BlackFideId "367095"]
[WhiteElo "1977"]
[BlackElo "1997"]
[Result "1-0"]
[Round "10"]
[TimeControl "180+1"]
[Date "2022.03.22"]
[WhiteClock "0:01:17"]
[BlackClock "0:00:50"]

1. d4 Nf6 2. c4 b6 3. Nf3 Bb7 4. g3 e6 5. Bg2 Be7 6. O-O O-O 7. d5 exd5 8. Nh4 c6 9. cxd5 Nxd5 10. Nf5 Nc7 11. Nc3 d5 12. e4 Re8 13. Qg4 g6 14. Nh6+ Kg7 15. Bf4 Bc8 16. Qf3 d4 17. Nxf7 Qd7 18. Be5+ Kf8 19. Nh6+ Qf5 20. exf5 gxf5 21. Bxd4 Nd5 22. Nxd5 cxd5 23. Nxf5 Be6 24. Nxe7+ Kxe7 25. Rfe1 Kd7 26. Qh5 Nc6 27. Bf6 Re7 28. Bxe7 Nxe7 29. Qxh7 Rf8 30. Rxe6 Rf7 31. Qxf7 Kd8 32. Qxe7+ Kc8 33. Rc6+ Kb8 34. Qc7+ Ka8 35. Qc8# 1-0


[Site "https://www.chess.com"]

[Event "Titled Tuesday Blitz March 22 Late 2022"]
[White "Aydin, Gulenay"]
[Black "Nazaretyan, Tigran"]
[WhiteFideId "34557431"]
[BlackFideId "24162345"]
[WhiteElo "1429"]
[BlackElo "2219"]
[Result "0-1"]
[Round "10"]
[TimeControl "180+1"]
[Date "2022.03.22"]
[WhiteClock "0:00:03"]
[BlackClock "0:00:42"]

1. e4 c5 2. Nf3 Nc6 3. Bb5 g6 4. O-O Bg7 5. Re1 Nf6 6. c3 O-O 7. d4 d5 8. e5 Ne4 9. Bxc6 bxc6 10. Nbd2 cxd4 11. cxd4 Bf5 12. Nb3 a5 13. Be3 a4 14. Nc1 Qb6 15. Nd3 Qb5 16. Nh4 Nc3 17. bxc3 Bxd3 18. Nf3 f6 19. Bf4 Be4 20. Nd2 fxe5 21. Nxe4 Rxf4 22. Nc5 exd4 23. Ne6 Rf7 24. Nc7 Qb7 25. Nxa8 dxc3 26. Qxa4 Rf8 27. Nb6 Qxb6 28. Re2 e5 29. Rc1 e4 30. Qa3 Bd4 31. Rf1 Qb5 32. Rc2 Qd3 33. Qa4 c5 34. Rcc1 e3 35. Qc2 exf2+ 36. Kh1 c4 37. a4 Be3 38. g3 Bxc1 0-1


[Site "https://www.chess.com"]

[Event "Titled Tuesday Blitz March 22 Late 2022"]
[White "Barp, Alberto"]
[Black "Kozin, Yuri"]
[WhiteFideId "872555"]
[BlackFideId "4129920"]
[WhiteElo "2229"]
[BlackElo "2548"]
[Result "1-0"]
[Round "10"]
[TimeControl "180+1"]
[Date "2022.03.22"]
[WhiteClock "0:00:22"]
[BlackClock "0:00:02"]

1. d4 d5 2. c4 c6 3. Nf3 Nf6 4. e3 Bf5 5. Nc3 e6 6. Nh4 Be4 7. f3 Bg6 8. g3 Nbd7 9. Bd2 Be7 10. Qb3 Qc7 11. cxd5 Nxd5 12. Nxg6 hxg6 13. O-O-O N7f6 14. e4 Nxc3 15. Bxc3 O-O 16. Kb1 a5 17. Qc2 a4 18. h4 b5 19. h5 gxh5 20. e5 Nd5 21. Bd3 Nxc3+ 22. bxc3 h4 23. Qe2 b4 24. Qe4 g6 25. Qg4 bxc3 26. Kc2 Rab8 27. Bxg6 fxg6 28. Qxg6+ Kh8 29. Qh6+ Kg8 30. Qxe6+ Rf7 31. gxh4 Rb2+ 32. Kxc3 Rg2 33. Rhg1 Qa5+ 34. Kd3 Qb5+ 35. Qc4 Qxc4+ 36. Kxc4 Rxg1 37. Rxg1+ Kh7 38. h5 Rxf3 39. Rg6 Rf2 40. Rxc6 Rxa2 41. Kd5 Kg7 42. Rc7 Kf7 43. Ke4 Rh2 44. d5 Rh4+ 45. Kf3 Rxh5 46. Kf4 Rh4+ 47. Kf5 Rh5+ 48. Kf4 Ke8 49. d6 Bd8 50. Ra7 Rh4+ 51. Kf5 Rh5+ 52. Ke6 Rh6+ 53. Kd5 Rh4 54. e6 Rh5+ 55. Kc6 Ra5 56. Rh7 1-0


[Site "https://www.chess.com"]

[Event "Titled Tuesday Blitz March 22 Late 2022"]
[White "Bibasa, Bob"]
[Black "Estrada Nieto, Julian"]
[WhiteFideId "10000240"]
[BlackFideId "5101018"]
[WhiteElo "2056"]
[BlackElo "2246"]
[Result "0-1"]
[Round "10"]
[TimeControl "180+1"]
[Date "2022.03.22"]
[WhiteClock "0:02:19"]
[BlackClock "0:01:47"]

1. e4 e5 2. Nf3 Nc6 3. Bc4 Bc5 4. c3 d6 5. d4 exd4 6. cxd4 Bb6 7. O-O Nf6 8. Nc3 O-O 9. Bg5 h6 10. Bh4 Bg4 11. d5 Ne5 12. Be2 Ng6 13. Bg3 Re8 14. h3 Bd7 15. Bd3 Nh5 16. Bh2 Nhf4 17. Bxf4 Nxf4 18. Ne2 Qf6 19. Nxf4 Qxf4 20. Qd2 Qf6 21. b4 Bxh3 22. a4 a5 23. b5 Bg4 24. Nh2 Bd7 25. Ra2 Re5 26. Nf3 Rh5 27. g3 Qxf3 0-1


[Site "https://www.chess.com"]

[Event "Titled Tuesday Blitz March 22 Late 2022"]
[White "Bluebaum, Matthias"]
[Black "Yoo, Christopher Woojin"]
[WhiteFideId "24651516"]
[BlackFideId "30909694"]
[WhiteElo "2550"]
[BlackElo "2105"]
[Result "0-1"]
[Round "10"]
[TimeControl "180+1"]
[Date "2022.03.22"]
[WhiteClock "0:02:51"]
[BlackClock "0:02:32"]

1. b3 Nf6 2. Bb2 e6 3. Nf3 d5 4. c4 b6 5. cxd5 exd5 6. g3 Bb7 7. Bg2 Nbd7 8. O-O Bd6 9. e3 O-O 10. Nc3 a6 11. Rc1 Qe7 12. Re1 Rfe8 13. Re2 c5 14. d4 Rad8 15. Rd2 Ne4 16. Rdc2 Ndf6 17. Ne2 Nxf2 18. Kxf2 Ng4+ 19. Kg1 Qxe3+ 20. Kf1 Qf2# 0-1


[Site "https://www.chess.com"]

[Event "Titled Tuesday Blitz March 22 Late 2022"]
[White "Bongo Akanga Ndjila, Barthelemy"]
[Black "Hartikainen, Jarmo"]
[WhiteFideId "10609431"]
[BlackFideId "503134"]
[WhiteElo "1803"]
[BlackElo "2081"]
[Result "1-0"]
[Round "10"]
[TimeControl "180+1"]
[Date "2022.03.22"]
[WhiteClock "0:01:16"]
[BlackClock "0:00:13"]

1. d4 Nf6 2. c4 g6 3. Nc3 d5 4. Nf3 Bg7 5. cxd5 Nxd5 6. e4 Nxc3 7. bxc3 O-O 8. Be2 c5 9. O-O b6 10. Be3 Nd7 11. Rc1 Bb7 12. d5 h6 13. c4 Kh7 14. Qd2 Nf6 15. e5 Ng4 16. Bf4 f6 17. e6 Ne5 18. Nxe5 fxe5 19. Bg3 Rf6 20. Bxe5 Rxe6 21. Bxg7 Kxg7 22. Bg4 Rf6 23. Rfe1 Qd6 24. Qe3 Re8 25. Rc2 Rf7 26. Be6 Rf6 27. Rc3 Ba6 28. Qh3 b5 29. cxb5 Bxb5 30. Qe3 Ref8 31. f3 c4 32. a4 Bxa4 33. Rxc4 Bb5 34. Rh4 a6 35. Qxh6# 1-0


[Site "https://www.chess.com"]

[Event "Titled Tuesday Blitz March 22 Late 2022"]
[White "Borodavkin, Anatoly"]
[Black "Mirza, Diana"]
[WhiteFideId "14150662"]
[BlackFideId "2503999"]
[WhiteElo "1845"]
[BlackElo "1813"]
[Result "1/2-1/2"]
[Round "10"]
[TimeControl "180+1"]
[Date "2022.03.22"]
[WhiteClock "0:00:05"]
[BlackClock "0:00:11"]

1. e4 d5 2. exd5 Qxd5 3. Nf3 Qd8 4. d4 Nf6 5. Be2 Bg4 6. h3 Bxf3 7. Bxf3 c6 8. O-O e6 9. c4 Be7 10. Re1 O-O 11. Nc3 Nbd7 12. Bf4 Nb6 13. b3 Qd7 14. d5 cxd5 15. cxd5 Nbxd5 16. Nxd5 Nxd5 17. Bg3 Bf6 18. Rc1 Qb5 19. a4 Qb6 20. Qd3 Nb4 21. Qe4 Rad8 22. Bc7 Qa6 23. Bxd8 Rxd8 24. Qxb4 g6 25. Qxb7 Qd3 26. Rcd1 Qc3 27. Rxd8+ Bxd8 28. Rd1 Bb6 29. Qc6 Qxb3 30. Rc1 Qb2 31. Qc8+ Kg7 32. Qc3+ Qxc3 33. Rxc3 Kf6 34. Kf1 Ke5 35. Rd3 f5 36. Rd7 h5 37. g4 hxg4 38. hxg4 Kf4 39. Be2 fxg4 40. Rg7 g5 41. Rf7+ Ke5 42. Bxg4 Bd4 43. f3 Kd5 44. Rg7 Bxg7 45. Ke2 Bd4 46. Kd3 e5 47. Bf5 Kc5 48. Bd7 Kb4 49. Bc6 Ka5 50. Bd7 Bb2 51. Ke4 Kb6 52. Kf5 Bc1 53. Kxe5 Bf4+ 54. Ke4 Kc7 55. Bb5 Kb6 56. Be8 Kc5 57. Bb5 Kb6 58. Be8 Ka5 59. Bb5 Kb6 1/2-1/2


[Site "https://www.chess.com"]

[Event "Titled Tuesday Blitz March 22 Late 2022"]
[White "Boyer, Mahel"]
[Black "Zhigalko, Sergei"]
[WhiteFideId "45102422"]
[BlackFideId "13502956"]
[WhiteElo "2328"]
[BlackElo "2662"]
[Result "1-0"]
[Round "10"]
[TimeControl "180+1"]
[Date "2022.03.22"]
[WhiteClock "0:00:09"]
[BlackClock "0:00:02"]

1. d4 Nf6 2. c4 e6 3. Nf3 b6 4. a3 Ba6 5. Qc2 Bb7 6. Nc3 c5 7. d5 exd5 8. cxd5 Nxd5 9. e4 Nxc3 10. Qxc3 Bxe4 11. Bc4 Bxf3 12. Qxf3 Qe7+ 13. Kd1 Qd6+ 14. Kc2 Qg6+ 15. Bd3 Nc6 16. Bxg6 Nd4+ 17. Kb1 Nxf3 18. Be4 O-O-O 19. Bxf3 d5 20. Rd1 d4 21. b3 Bd6 22. Kc2 Rhe8 23. Bd2 Kc7 24. Kd3 f5 25. h4 g6 26. Bg5 Be7 27. Re1 Bxg5 28. hxg5 Kd6 29. Kc4 Rb8 30. b4 Rec8 31. bxc5+ bxc5 32. Re2 Re8 33. Rxe8 Rxe8 34. Rb1 Re7 35. Rb7 Re1 36. Rxh7 Rc1+ 37. Kd3 Rc3+ 38. Kd2 Rxa3 39. Rg7 c4 40. Rxg6+ Ke5 41. Rc6 Ra2+ 42. Kd1 c3 43. g6 Ra1+ 44. Kc2 Ra2+ 45. Kb1 Rb2+ 46. Kc1 Rb8 47. Rc5+ Kf6 48. Rc6+ Kg7 49. g4 fxg4 50. Bxg4 a5 51. f4 1-0


[Site "https://www.chess.com"]